Cogmind - Beta 10 X2 @@@ ROGUE MODE // 2020.06.22 @ 14:49:36 Player: Ape Result: Destroyed by Y-64 Sentinel with Wave Gun Performance ------------- Evolutions (6) 3000 Regions Visited (21) 4200 Robots Destroyed (252) 1260 Value Destroyed (9204) 9204 Prototype IDs (58) 1160 Alien Tech Used (2) 400 Bonus (2994) 2994 TOTAL SCORE: 22218 Bonus ------- High Alert Combat Kills 337 Follower Combat Kills 1124 Entered Garrisons 200 Used RIF Installer 500 Aligned with FarCom 300 Met Zhirov 300 Met R17 at Cetus 500 Friendly Fire -267 Cogmind --------- Core Integrity 0/1150 Matter 263/300 Energy 98/100 System Corruption 10% Temperature Cool (9) Movement Core (50) Location -4/Factory Parts ------- > --- POWER (1) -------- (None) > --- PROPULSION (4) --- (None) > --- UTILITY (10) ----- Advanced Melee Analysis Suite Advanced Melee Analysis Suite Advanced Melee Analysis Suite Improved Target Analyzer Armor Integrity Analyzer Hacking Suite System Backup Module > --- WEAPON (4) ------- (None) > --- INVENTORY (4) ---- Light Antimatter Reactor Advanced Energy Well (800) Improved Target Analyzer Improved Target Analyzer Peak State ------------ > --- POWER ------------ Quantum Reactor > --- PROPULSION ------- Armored Huge Wheel Armored Huge Wheel > --- UTILITY ---------- Humpback Advanced Melee Analysis Suite Advanced Melee Analysis Suite Improved Target Analyzer Improved Medium Armor Plating Layered Light Armor Plating Centrium Medium Armor Plating Centrium Medium Armor Plating Advanced System Shield > --- WEAPON ----------- Greatsword Greatsword > --- INVENTORY -------- Light Fission Core Fusion Reactor Quantum Reactor Armored Wheel Armored Huge Wheel High-capacity Storage Unit High-capacity Storage Unit High-capacity Storage Unit Humpback Energy Well Advanced Energy Well Improved Sensor Array Makeshift Terrain Scanner Advanced Melee Analysis Suite Advanced Melee Analysis Suite Improved Target Analyzer Experimental Core Shielding Centrium Medium Armor Plating Centrium Medium Armor Plating Transdimensional Reconstructor Heavy Shock Bomb Launcher Power Sword [Rating: 102] Favorites ----------- Power Heavy Ion Engine Engine Heavy Ion Engine Power Core Micro Fission Core Reactor Quantum Reactor Propulsion Wheel Wheel Wheel Utility High-capacity Storage Unit Device Microactuators Storage High-capacity Storage Unit Processor Advanced Melee Analysis Suite Hackware System Shield Protection Centrium Medium Armor Plating Weapon Greatsword Energy Gun Beam Rifle Energy Cannon Beam Cannon Ballistic Gun Improved Assault Rifle Ballistic Cannon Magnetic Acceleration Cannon Launcher Improved Proton Missile Launcher Special Weapon Mining Laser Impact Weapon Flail Slashing Weapon Greatsword Build | -11 -10 -10 -9 -9 -9 -8 -8 -8 -8 -7 -7 -7 -6 -6 -6 -5 -5 -5 -5 -4 -4 ------- Run | Scr Mat Min Mat Min Exi Min Mat Gar Mat Fac Low Low Fac Ext Cet Fac Upp Upp Zhi Pro Fac Slots Evolved 12 | . . . 2 . . . 2 . . 2 . . 2 . . 2 . . . . 2 Power . | . . . . . . . . . . . . . . . . . . . . . . Propulsion 2 | . . . . . . . 1 . . . . . . . . . . . . . 1 Utility 8 | . . . 2 . . . 1 . . 2 . . 2 . . 1 . . . . . Weapon 2 | . . . . . . . . . . . . . . . . 1 . . . . 1 Parts Attached 343 | 6 14 1 40 11 2 . 36 15 5 30 2 . 32 22 9 33 10 19 5 6 45 Power 30 | 1 2 . 7 . . . 1 2 1 2 . . 3 2 1 2 . 2 2 . 2 Engine 20 | 1 2 . 7 . . . 1 2 1 2 . . 2 1 . . . 1 . . . Core 2 | . . . . . . . . . . . . . 1 . . . . . . . 1 Reactor 8 | . . . . . . . . . . . . . . 1 1 2 . 1 2 . 1 Propulsion 56 | 2 3 . 8 4 . . 11 1 2 3 . . 2 3 1 5 1 1 . 1 8 Treads . | . . . . . . . . . . . . . . . . . . . . . . Leg . | . . . . . . . . . . . . . . . . . . . . . . Wheel 56 | 2 3 . 8 4 . . 11 1 2 3 . . 2 3 1 5 1 1 . 1 8 Hover . | . . . . . . . . . . . . . . . . . . . . . . Flight . | . . . . . . . . . . . . . . . . . . . . . . Utility 166 | 1 4 . 7 4 2 . 10 7 2 24 . . 24 8 5 20 7 9 3 4 25 Device 28 | . . . . . . . . . . 2 . . 7 2 1 4 3 6 . 2 1 Storage 22 | 1 2 . 1 1 2 . 1 2 . 2 . . 2 2 1 . 1 . 1 . 3 Processor 18 | . . . 3 . . . 1 1 . 1 . . . . . 3 1 . . . 8 Hackware 10 | . . . . . . . . . 1 5 . . 1 . 1 . . . . . 2 Protection 88 | . 2 . 3 3 . . 8 4 1 14 . . 14 4 2 13 2 3 2 2 11 Artifact . | . . . . . . . . . . . . . . . . . . . . . . Weapon 91 | 2 5 1 18 3 . . 14 5 . 1 2 . 3 9 2 6 2 7 . 1 10 Energy Gun 9 | 1 3 1 4 . . . . . . . . . . . . . . . . . . Energy Cannon 2 | . 1 . 1 . . . . . . . . . . . . . . . . . . Ballistic Gun 18 | 1 . . 8 2 . . 7 . . . . . . . . . . . . . . Ballistic Cannon 1 | . . . . . . . . 1 . . . . . . . . . . . . . Launcher 15 | . 1 . 1 . . . 1 . . . . . 1 3 1 1 . 3 . . 3 Special Weapon 3 | . . . 1 . . . . 1 . . 1 . . . . . . . . . . Impact Weapon 1 | . . . 1 . . . . . . . . . . . . . . . . . . Slashing Weapon 42 | . . . 2 1 . . 6 3 . 1 1 . 2 6 1 5 2 4 . 1 7 Piercing Weapon . | . . . . . . . . . . . . . . . . . . . . . . Special Melee Weapon . | . . . . . . . . . . . . . . . . . . . . . . Unidentified Prototypes 8 | . . . 1 . . . 1 . . . . . . . 1 . . . 4 . 1 Parts Lost 98 | . 6 1 12 1 . . 7 5 2 4 . . 2 7 2 7 2 4 . 4 32 Power 13 | . 1 . 3 . . . 1 1 1 1 . . . 1 . . . 2 . . 2 Propulsion 28 | . 2 . 5 . . . 2 1 1 2 . . 1 2 2 . . 1 . 1 8 Utility 34 | . . . 2 . . . 3 2 . 1 . . . 2 . 6 . 1 . 2 15 Weapon 23 | . 3 1 2 1 . . 1 1 . . . . 1 2 . 1 2 . . 1 7 Highest Loss Streak 11 | . 5 1 9 1 . . 3 2 1 3 . . 1 3 1 4 1 1 . 3 11 Average Slot Usage (%) 81 | . 93 92 94 99 92 88 87 80 79 78 76 76 73 72 84 80 81 80 81 80 73 Engine 5 | . 13 14 10 11 11 11 8 9 7 6 7 7 5 2 . . . . . . . Reactor 1 | . . . . . . . . . . . . . . 2 5 5 5 4 5 5 1 Wheel 17 | . 23 28 21 22 22 22 25 26 26 18 15 15 13 13 18 12 11 10 11 9 10 Device 2 | . . . . . . . . . . . 7 7 6 5 . 3 5 4 5 3 . Storage 14 | . 14 14 22 22 25 22 18 18 18 15 15 15 13 13 13 11 11 11 11 11 8 Processor 9 | . . . 14 11 11 11 2 9 9 7 7 7 6 6 6 8 22 23 23 21 21 Hackware 4 | . . . . . . . . . 5 15 7 7 6 6 10 7 . . . . 1 Protection 11 | . 13 14 5 10 . . 15 8 3 5 7 7 12 13 13 16 11 11 9 13 16 Ballistic Gun 2 | . 4 . 16 21 11 11 8 . . . . . . . . . . . . . . Slashing Weapon 7 | . . . 1 . 11 11 8 8 9 6 7 7 6 6 6 10 10 10 11 11 9 Naked Turns . | . . . . . . . . . . . . . . . . . . . . . . Heaviest Build 171 | 13 48 48 85 83 125 125 136 145 147 147 144 144 163 158 169 169 167 159 155 165 171 Greatest Support 56 | 26 26 20 26 26 20 20 36 40 40 40 38 38 38 38 36 40 40 40 40 40 56 Greatest Overweight (x) 27 | . 6 2 5 4 6 6 12 6 4 4 3 3 15 13 8 8 4 11 3 5 27 Average Overweight (x) 3 | . 1 2 2 3 5 6 3 3 3 3 3 3 3 4 4 4 3 3 3 3 1 Largest Inventory Capacity 52 | 6 12 12 20 20 32 32 32 44 32 44 32 32 38 52 32 32 52 32 32 32 32 Average Capacity 28 | 5 8 12 19 20 29 32 32 32 32 31 32 32 32 32 32 32 32 32 32 32 21 Most Carried 32 | 2 12 12 20 20 29 29 32 32 32 32 32 31 32 32 32 32 32 30 32 32 28 Average Carried 26 | 1 7 11 16 19 24 29 31 31 31 30 31 31 31 25 27 31 30 27 30 30 17 Final Capacity 32 | 6 12 12 20 20 32 32 32 32 32 32 32 32 32 32 32 32 32 32 32 32 4 Final Carried 32 | 2 12 12 20 19 29 29 32 29 32 32 31 31 31 24 32 32 30 28 32 27 4 Class Distribution -------------------- 63% | Hauler-Gladiator 25% | Hauler-Mutant 6% | Mutant 4% | Scavenger-Mutant Dominant Class ---------------- Mutant | -10/Materials Mutant | -10/Mines Hauler-Mutant | -9/Materials Hauler-Mutant | -9/Mines Hauler-Mutant | -9/Exiles Hauler-Mutant | -8/Mines Hauler-Mutant | -8/Materials Hauler-Gladiator | -8/Garrison Hauler-Gladiator | -8/Materials Hauler-Gladiator | -7/Factory Hauler-Gladiator | -7/Lower Caves Hauler-Gladiator | -7/Lower Caves Hauler-Gladiator | -6/Factory Hauler-Gladiator | -6/Extension Hauler-Mutant | -6/Cetus Hauler-Gladiator | -5/Factory Hauler-Gladiator | -5/Upper Caves Hauler-Gladiator | -5/Upper Caves Hauler-Gladiator | -5/Zhirov Hauler-Gladiator | -4/Proximity Caves Scavenger-Mutant | -4/Factory Resources | -11 -10 -10 -9 -9 -9 -8 -8 -8 -8 -7 -7 -7 -6 -6 -6 -5 -5 -5 -5 -4 -4 ----------- Run | Scr Mat Min Mat Min Exi Min Mat Gar Mat Fac Low Low Fac Ext Cet Fac Upp Upp Zhi Pro Fac Matter Collected 5155 | 216 251 235 750 305 37 . 599 145 35 381 20 . 268 356 206 299 207 266 69 22 488 Remotely . | . . . . . . . . . . . . . . . . . . . . . . Salvage Created 11643 | . 689 85 1250 200 . . 1057 460 238 875 . . 781 1220 669 968 340 610 238 121 1842 Parts 587 | . 53 2 75 12 . . 58 24 12 44 . . 32 73 32 52 17 16 1 2 82 Haulers Intercepted 8 | . 1 . 5 . . . 1 . . 1 . . . . . . . . . . . Recyclers Shooed 4 | . . . 2 1 . . . . . . . . . 1 . . . . . . . Parts Field Recycled . | . . . . . . . . . . . . . . . . . . . . . . Retrieved Matter . | . . . . . . . . . . . . . . . . . . . . . . Parts Self-Destructed 24 | . . . . . . . . . . . . . . . . . 16 5 1 2 . Prevented 9 | . . . . . . . . . . . . . . . . . . 9 . . . Kills | -11 -10 -10 -9 -9 -9 -8 -8 -8 -8 -7 -7 -7 -6 -6 -6 -5 -5 -5 -5 -4 -4 ------- Run | Scr Mat Min Mat Min Exi Min Mat Gar Mat Fac Low Low Fac Ext Cet Fac Upp Upp Zhi Pro Fac Combat Hostiles Destroyed 184 | . 15 2 21 3 . . 18 10 6 15 . . 14 16 9 16 6 9 . 3 21 Melee 107 | . . . 2 . . . 9 10 6 13 . . 14 12 . 16 6 3 . 3 13 Guns 38 | . 15 . 11 3 . . 9 . . . . . . . . . . . . . . Cannons 5 | . . 2 3 . . . . . . . . . . . . . . . . . . AOE 25 | . . . 5 . . . . . . 2 . . . 4 5 . . 2 . . 7 Classes Destroyed 16 | . 6 . 4 . . . 2 . . 3 . . . 1 . . . . . . . Worker 18 | . 4 . 3 3 . . 2 . 2 2 . . . . . . . . . . 2 Builder 9 | . 1 . 2 . . . . . . . . . . 3 . . . . . . 3 Tunneler 2 | . . . 1 . . . . . . . . . . 1 . . . . . . . Hauler 8 | . 1 . 5 . . . 1 . . 1 . . . . . . . . . . . Recycler 9 | . . . 2 . . . . . . 1 . . . 1 . 1 . . . . 4 Mechanic 1 | . . . . . . . . . . . . . . 1 . . . . . . . Operator 1 | . . . . . . . . . . 1 . . . . . . . . . . . Watcher 19 | . 2 . 2 . . . 4 2 . 3 . . 1 2 2 1 . . . . . Swarmer 33 | . 6 . . . . . 3 3 3 . . . 2 2 . 4 4 . . 2 4 Grunt 82 | . 9 2 15 2 . . 8 4 . 7 . . 7 6 5 3 1 6 . . 7 Brawler 2 | . . . . . . . 1 . . . . . . . . 1 . . . . . Duelist 6 | . . . 1 1 . . 1 . . . . . 1 . 1 . . . . . 1 Sentry 26 | . . . 5 . . . 4 3 3 1 . . 1 4 . 1 1 1 . 1 1 Hunter 8 | . . . . . . . 1 . . . . . . 4 . . . 2 . . 1 Programmer 21 | . . . . . . . . . . 4 . . 3 . . 7 . . . . 7 Cetus Guard 3 | . . . . . . . . . . . . . . . 3 . . . . . . Assembled 3 | . . . . . . . . . . 3 . . . . . . . . . . . Butcher 1 | . . . . . . . . . . . . . . 1 . . . . . . . Best Kill Streak 10 | . 3 1 10 2 . . 3 4 7 3 . . 3 4 6 7 4 4 . 2 7 Combat Bots Only 7 | . 3 1 6 2 . . 3 3 3 3 . . 3 4 3 7 4 4 . 2 5 Max Kills in Single Turn 6 | . 1 1 6 1 . . 1 1 1 2 . . 1 2 1 1 1 1 . 1 2 Gunslinging . | . . . . . . . . . . . . . . . . . . . . . . Exploded 2 | . . . 2 . . . . . . 2 . . . 2 1 . . 1 . . 2 Melee 1 | . . . 1 . . . 1 1 1 1 . . 1 1 . 1 1 1 . 1 1 Uniques/NPCs Destroyed . | . . . . . . . . . . . . . . . . . . . . . . Combat | -11 -10 -10 -9 -9 -9 -8 -8 -8 -8 -7 -7 -7 -6 -6 -6 -5 -5 -5 -5 -4 -4 -------- Run | Scr Mat Min Mat Min Exi Min Mat Gar Mat Fac Low Low Fac Ext Cet Fac Upp Upp Zhi Pro Fac Damage Taken 20725 | . 637 195 1578 226 . . 1393 1166 347 1001 . . 1945 2173 330 1432 529 1236 . 1098 5439 Core 2467 | . 98 37 304 10 . . 119 70 35 88 . . 156 175 46 61 41 80 . 41 1106 Absorbed by Shields 290 | . . . . . . . . 14 . . . . . . . . 183 29 . 64 . Core Remaining (%) 63 | 100 . 46 . . . 21 . . 59 . . 87 . . 55 . . . . 77 . Volleys Fired 260 | . 69 7 78 21 . . 38 1 . . 1 . . 10 21 . . 8 . . 6 Largest 2 | . 2 2 2 2 . . 2 1 . . 1 . . 1 1 . . 1 . . 1 Hottest 150 | . 116 116 150 46 . . 48 . . . . . . 43 43 . . 46 . . 46 Shots Fired 413 | . 109 10 135 43 . . 69 1 . . 1 . . 10 21 . . 8 . . 6 Gun 328 | . 100 3 114 43 . . 68 . . . . . . . . . . . . . . Cannon 26 | . 7 7 12 . . . . . . . . . . . . . . . . . . Launcher 54 | . 2 . 6 . . . 1 . . . . . . 10 21 . . 8 . . 6 Special 5 | . . . 3 . . . . 1 . . 1 . . . . . . . . . . Kinetic 257 | . 34 . 112 43 . . 68 . . . . . . . . . . . . . . Thermal 100 | . 73 10 17 . . . . . . . . . . . . . . . . . . Explosive 13 | . 2 . 6 . . . 1 . . . . . . 4 . . . . . . . Electromagnetic 41 | . . . . . . . . . . . . . . 6 21 . . 8 . . 6 Robot Hit Streak 15 | . 15 6 12 14 . . 8 4 . . . . . 1 9 . . 13 . . 2 Robot Miss Streak 5 | . 4 1 5 2 . . 3 . . . 1 . . 3 1 . . 1 . . 1 Penetration Max . | . . . . . . . . . . . . . . . . . . . . . . Secondary Targets 1 | . . . . 1 . . . . . . . . . . . . . . . . . Max Gunslinging Chain 1 | . . . . 1 . . . . . . . . . . . . . . . . . Shots Hit Robots 708 | . 72 8 102 31 . . 96 34 18 55 1 . 61 45 14 52 26 16 3 6 68 Core Hits 346 | . 29 3 61 9 . . 39 13 8 21 . . 17 34 24 20 9 11 3 3 42 Critical Hits 25 | . . . 2 . . . 1 2 . 2 . . 2 1 . 7 1 . . . 7 Critical Kills 6 | . . . 1 . . . . . . . . . . 1 . 1 . . . . 3 Critical Parts Destroyed 16 | . . . . . . . 1 1 . 2 . . 2 . . 5 1 . . . 4 Melee Attacks 980 | . . . 7 1 . . 114 95 56 168 5 . 130 75 4 87 41 26 5 14 152 Impact 2 | . . . 2 . . . . . . . . . . . . . . . . . . Slashing 978 | . . . 5 1 . . 114 95 56 168 5 . 130 75 4 87 41 26 5 14 152 Piercing . | . . . . . . . . . . . . . . . . . . . . . . Sneak Attacks 43 | . . . 1 . . . 6 2 2 8 . . . 8 . 5 . . . . 11 Combat Hostiles 8 | . . . . . . . 1 2 . 1 . . . 2 . 2 . . . . . Follow-up Attacks 25 | . . . . . . . 2 . . . . . . 1 . 6 6 . . 1 9 Damage Inflicted 33808 | . 1011 134 2311 504 . . 2935 1916 1135 3870 48 . 3052 3725 1148 3204 1907 1234 550 331 4793 Guns 3360 | . 958 29 1166 504 . . 703 . . . . . . . . . . . . . . Cannons 317 | . 53 105 159 . . . . . . . . . . . . . . . . . . Explosions 4154 | . . . 781 . . . 113 . . . . . . 738 1148 . . 674 . . 700 Melee 25953 | . . . 181 . . . 2119 1916 1135 3870 48 . 3052 2987 . 3204 1907 560 550 331 4093 Ramming . | . . . . . . . . . . . . . . . . . . . . . . Kinetic 2540 | . 191 . 1142 504 . . 703 . . . . . . . . . . . . . . Thermal 1301 | . 820 134 207 . . . . . . . . . . . 17 . . . . . 123 Explosive 1417 | . . . 781 . . . 113 . . . . . . 523 . . . . . . . Electromagnetic 2597 | . . . . . . . . . . . . . . 215 1131 . . 674 . . 577 Impact . | . . . . . . . . . . . . . . . . . . . . . . Slashing 25953 | . . . 181 . . . 2119 1916 1135 3870 48 . 3052 2987 . 3204 1907 560 550 331 4093 Piercing . | . . . . . . . . . . . . . . . . . . . . . . Highest Corruption 10 | . . . 9 9 9 9 . . . 4 4 4 1 1 1 10 10 10 10 10 10 Average Corruption 4 | . . . 9 9 9 9 . . . 3 4 4 1 1 1 5 10 10 10 10 3 Corruption Purged . | . . . . . . . . . . . . . . . . . . . . . . Effects 341 | . . . 46 34 18 2 . . . 55 8 5 11 7 3 27 34 25 10 20 36 Message Errors 89 | . . . 6 5 6 1 . . . 14 3 2 4 5 2 7 9 8 2 6 9 Matter Fused 69 | . . . 7 11 4 . . . . 12 . 1 . . . 7 7 5 1 3 11 Heat Flow Errors 36 | . . . 2 4 3 1 . . . 10 . . . . . 4 3 2 2 1 4 Energy Discharges 39 | . . . 5 6 2 . . . . 8 2 2 3 . . 3 1 1 . 3 3 Parts Rejected 6 | . . . 1 1 . . . . . . . . . . . 1 1 2 . . . Data Loss (minor) 39 | . . . 5 2 3 . . . . 9 2 . 3 1 . . 5 2 . 3 4 Data Loss (major) 4 | . . . 3 . . . . . . . . . . . . . 1 . . . . Misfires 4 | . . . 1 3 . . . . . . . . . . . . . . . . . Alerts 1 | . . . . . . . . . . . . . . . . . . . 1 . . Misdirections 12 | . . . . . . . . . . . . . . . . . 3 2 3 4 . Targeting Errors 40 | . . . 15 1 . . . . . 2 1 . 1 1 1 5 4 3 1 . 5 Weapon Failures 2 | . . . 1 1 . . . . . . . . . . . . . . . . . Overload Shots . | . . . . . . . . . . . . . . . . . . . . . . Overflow Damage 3663 | . . . 10 . . . 261 103 152 929 . . 323 572 3 383 154 38 . 88 647 Projectiles . | . . . . . . . . . . . . . . . . . . . . . . Explosions 93 | . . . 10 . . . . . . . . . . 50 3 . . 18 . . 12 Melee 3570 | . . . . . . . 261 103 152 929 . . 323 522 . 383 154 20 . 88 635 Knockbacks . | . . . . . . . . . . . . . . . . . . . . . . Impact . | . . . . . . . . . . . . . . . . . . . . . . Kinetic . | . . . . . . . . . . . . . . . . . . . . . . Secondary . | . . . . . . . . . . . . . . . . . . . . . . Self-Inflicted Damage 464 | . . . 277 . . . 38 . . . . . . 125 . . . 6 . . 18 Shots 11 | . . . 6 . . . 1 . . . . . . 2 . . . 1 . . 1 Rammed . | . . . . . . . . . . . . . . . . . . . . . . Targets Rammed . | . . . . . . . . . . . . . . . . . . . . . . Kicked . | . . . . . . . . . . . . . . . . . . . . . . Crushed . | . . . . . . . . . . . . . . . . . . . . . . Highest Temperature 369 | . 324 267 369 272 231 152 219 . . 245 . . . 85 28 222 230 157 239 82 260 Average Temperature 91 | . 114 105 80 93 93 86 89 . . 97 . . . 33 8 91 94 47 122 46 85 Received Heat Transfer 4224 | . 291 114 537 78 . . 549 306 90 153 . . 495 369 18 99 72 300 . 102 651 Siege Activations . | . . . . . . . . . . . . . . . . . . . . . . Robots Corrupted 9 | . . . . . . . . . . . . . . . 4 . . 4 . . 1 Combat Hostiles 9 | . . . . . . . . . . . . . . . 4 . . 4 . . 1 Parts Fried 21 | . . . . . . . . . . . . . . 2 7 . . 8 . . 4 Impact Corruptions . | . . . . . . . . . . . . . . . . . . . . . . Robots Melted . | . . . . . . . . . . . . . . . . . . . . . . Combat Hostiles . | . . . . . . . . . . . . . . . . . . . . . . Parts Melted 7 | . 5 1 . . . . . . . . . . . . 1 . . . . . . Heat Transferred 2975 | . 2072 296 457 . . . . . . . . . . . 50 . . . . . 100 Parts Sabotaged . | . . . . . . . . . . . . . . . . . . . . . . Parts Stolen 1 | . . . . . . . . . . . 1 . . . . . . . . . . Parts Stripped . | . . . . . . . . . . . . . . . . . . . . . . Power Chain Reactions 3 | . . . . . . . . . . . . . . . 2 . . . . . 1 Missiles Intercepted . | . . . . . . . . . . . . . . . . . . . . . . Alert | -11 -10 -10 -9 -9 -9 -8 -8 -8 -8 -7 -7 -7 -6 -6 -6 -5 -5 -5 -5 -4 -4 ------- Run | Scr Mat Min Mat Min Exi Min Mat Gar Mat Fac Low Low Fac Ext Cet Fac Upp Upp Zhi Pro Fac Peak Influence 826 | . 317 123 462 188 . . 317 826 501 253 . . 556 199 482 627 . . . . 222 Average Influence 168 | . 125 94 298 113 . . 82 467 405 107 . . 233 81 185 185 . . . . 76 Maximum Alert Level 3 | . 1 . 2 . . . 1 3 2 1 . . 2 . 2 2 . . . . 1 Low Security (%) 68 | 100 77 100 15 100 . 100 85 . . 84 . . 46 100 64 60 . . . . 98 Level 1 19 | . 22 . 71 . . . 14 36 25 15 . . 24 . 22 34 . . . . 1 Level 2 10 | . . . 12 . . . . 43 74 . . . 28 . 12 5 . . . . . Level 3 1 | . . . . . . . . 19 . . . . . . . . . . . . . Level 4 . | . . . . . . . . . . . . . . . . . . . . . . Level 5 . | . . . . . . . . . . . . . . . . . . . . . . High Security . | . . . . . . . . . . . . . . . . . . . . . . Max Security . | . . . . . . . . . . . . . . . . . . . . . . Squads Dispatched 49 | . 5 . 4 . . . 5 . . 8 . . 6 4 1 4 . . . . 12 Investigation 22 | . 5 . 2 . . . 4 . . 4 . . 2 . 1 . . . . . 4 Extermination 14 | . . . . . . . . . . 4 . . 3 . . 3 . . . . 4 Reinforcement 13 | . . . 2 . . . 1 . . . . . 1 4 . 1 . . . . 4 Assault . | . . . . . . . . . . . . . . . . . . . . . . Garrison . | . . . . . . . . . . . . . . . . . . . . . . Intercept . | . . . . . . . . . . . . . . . . . . . . . . Construction Impeded 2 | . . . . . . . . . . . . . . 1 . . . . . . 1 Haulers Reinforced . | . . . . . . . . . . . . . . . . . . . . . . Stealth | -11 -10 -10 -9 -9 -9 -8 -8 -8 -8 -7 -7 -7 -6 -6 -6 -5 -5 -5 -5 -4 -4 --------- Run | Scr Mat Min Mat Min Exi Min Mat Gar Mat Fac Low Low Fac Ext Cet Fac Upp Upp Zhi Pro Fac Distress Signals 17 | . . . 1 . . . 4 3 . . . . 1 . 2 3 . . . . 3 Communications Jammed . | . . . . . . . . . . . . . . . . . . . . . . Distress Signals . | . . . . . . . . . . . . . . . . . . . . . . Times Spotted 345 | . 22 4 30 5 . . 35 29 9 41 1 . 31 24 14 33 6 11 . 4 46 Peak Tracking Total 8 | . 4 2 6 3 . . 5 7 4 7 1 . 6 4 5 8 4 4 . 3 8 Tactical Retreats 46 | . 1 . . . . . 4 9 1 6 . . 4 3 1 8 . 2 . 1 6 Traps | -11 -10 -10 -9 -9 -9 -8 -8 -8 -8 -7 -7 -7 -6 -6 -6 -5 -5 -5 -5 -4 -4 ------- Run | Scr Mat Min Mat Min Exi Min Mat Gar Mat Fac Low Low Fac Ext Cet Fac Upp Upp Zhi Pro Fac Traps Triggered 22 | . 2 . . . . . 3 4 . 2 . . 3 3 . 1 . . . . 4 Indirectly 1 | . . . . . . . . . . . . . . . . . . . . . 1 Trap Hack Attempts . | . . . . . . . . . . . . . . . . . . . . . . Triggered . | . . . . . . . . . . . . . . . . . . . . . . Disarmed . | . . . . . . . . . . . . . . . . . . . . . . Reprogrammed . | . . . . . . . . . . . . . . . . . . . . . . Reused . | . . . . . . . . . . . . . . . . . . . . . . Traps Extracted . | . . . . . . . . . . . . . . . . . . . . . . Installed . | . . . . . . . . . . . . . . . . . . . . . . Triggered 1 | . . . . . . . . . . . . . . 1 . . . . . . . Exploded 1 | . . . . . . . . . . . . . . . . . . . . . 1 Machines | -11 -10 -10 -9 -9 -9 -8 -8 -8 -8 -7 -7 -7 -6 -6 -6 -5 -5 -5 -5 -4 -4 ---------- Run | Scr Mat Min Mat Min Exi Min Mat Gar Mat Fac Low Low Fac Ext Cet Fac Upp Upp Zhi Pro Fac Machines Disabled 9 | . . . . 1 . . . . . 1 . . . 1 1 . . . 1 . 4 Max in Single Turn 2 | . . . . . . . . . . 1 . . . 1 1 . . . 1 . 2 Garrison Access 7 | . . . . . . . . . 1 2 . . 3 . . . . . . . 1 Energy Cycler 1 | . . . . . . . . . . . . . . 1 . . . . . . . Machines Sabotaged . | . . . . . . . . . . . . . . . . . . . . . . Garrisons Compromised . | . . . . . . . . . . . . . . . . . . . . . . Overloaded Fab Kills . | . . . . . . . . . . . . . . . . . . . . . . Fab Network Shutdowns 2 | . . . . . . . . . . . . . 1 . . 1 . . . . . Hacking | -11 -10 -10 -9 -9 -9 -8 -8 -8 -8 -7 -7 -7 -6 -6 -6 -5 -5 -5 -5 -4 -4 --------- Run | Scr Mat Min Mat Min Exi Min Mat Gar Mat Fac Low Low Fac Ext Cet Fac Upp Upp Zhi Pro Fac Machines Accessed 102 | . 10 . 6 1 3 . 8 . 2 17 . . 14 11 5 12 . . 4 . 9 Terminals 52 | . 8 . 4 1 . . 4 . . 7 . . 5 9 5 4 . . . . 5 Fabricators 9 | . . . . . . . . . . 3 . . 3 . . 2 . . . . 1 Repair Stations 9 | . . . 1 . . . 2 . . 2 . . 2 1 . 1 . . . . . Recycling Units 10 | . 2 . 1 . . . 1 . . 1 . . . 1 . 2 . . . . 2 Scanalyzers 7 | . . . . . . . . . 1 2 . . 1 . . 3 . . . . . Garrison Access 8 | . . . . . . . 1 . 1 2 . . 3 . . . . . . . 1 Total Hacks 349 | . 45 . 28 2 6 . 17 . 4 69 . . 46 43 13 41 . . 17 . 18 Successful 218 | . 29 . 20 1 6 . 10 . 3 40 . . 24 20 11 29 . . 17 . 8 Failed 127 | . 15 . 7 1 . . 7 . 1 28 . . 22 23 1 12 . . . . 10 Catastrophic 15 | . 1 . 1 . . . . . . 4 . . 4 . . 1 . . . . 4 Database Lockouts 5 | . 2 . 1 . . . . . . 1 . . . . 1 . . . . . . Manual 162 | . 31 . 17 2 1 . 4 . . 29 . . 17 26 11 14 . . . . 10 Terminals 202 | . 42 . 24 2 . . 9 . . 34 . . 17 37 13 13 . . . . 11 Fabricators 40 | . . . . . . . . . . 12 . . 17 . . 8 . . . . 3 Repair Stations 24 | . . . 2 . . . 6 . . 8 . . 3 3 . 2 . . . . . Recycling Units 21 | . 3 . 2 . . . 1 . . 4 . . . 3 . 5 . . . . 3 Scanalyzers 31 | . . . . . . . . . 3 9 . . 6 . . 13 . . . . . Garrison Access 8 | . . . . . . . 1 . 1 2 . . 3 . . . . . . . 1 Terminal Hacks 88 | . 18 . 10 1 6 . 4 . . 8 . . 5 9 5 3 . . 17 . 2 Record 12 | . . . . . 5 . 1 . . . . . . . 1 . . . 5 . . Part Schematic 12 | . 1 . . 1 . . 1 . . 1 . . . . 3 . . . 4 . 1 Robot Analysis 4 | . . . . . . . . . . . . . . . . . . . 4 . . Prototype ID Bank 18 | . 4 . 5 . . . 1 . . 4 . . . . . . . . 4 . . Open Door 5 | . . . . . . . . . . . . . 1 3 1 . . . . . . Branch Access Points 4 | . 1 . 1 . . . . . . . . . 1 . . 1 . . . . . Emergency Access Points 2 | . 1 . . . . . . . . 1 . . . . . . . . . . . Terminal Index 2 | . . . . . . . . . . . . . . 1 . . . . . . 1 Alert Level 2 | . 1 . . . . . 1 . . . . . . . . . . . . . . Unreport Threat 8 | . 2 . . . . . . . . . . . 3 1 . 2 . . . . . Locate Traps 8 | . 4 . . . . . . . . 1 . . . 3 . . . . . . . Recall Investigation 1 | . . . . . . . . . . 1 . . . . . . . . . . . Hauler Manifests 2 | . 1 . 1 . . . . . . . . . . . . . . . . . . Registered Components 3 | . 1 . 1 . . . . . . . . . . 1 . . . . . . . Registered Prototypes 2 | . 1 . 1 . . . . . . . . . . . . . . . . . . Zone Layout 2 | . 1 . 1 . . . . . . . . . . . . . . . . . . EX-Prototype ID Bank 1 | . . . . . 1 . . . . . . . . . . . . . . . . Fabricator Hacks 19 | . . . . . . . . . . 5 . . 6 . . 6 . . . . 2 Load Schematic 8 | . . . . . . . . . . 2 . . 3 . . 2 . . . . 1 Build 11 | . . . . . . . . . . 3 . . 3 . . 4 . . . . 1 Repair Station Hacks 14 | . . . 2 . . . 4 . . 5 . . . 1 . 2 . . . . . Scan Component 9 | . . . 1 . . . 3 . . 3 . . . 1 . 1 . . . . . Repair 5 | . . . 1 . . . 1 . . 2 . . . . . 1 . . . . . Recycling Unit Hacks 2 | . . . . . . . . . . 2 . . . . . . . . . . . Report Inventory 1 | . . . . . . . . . . 1 . . . . . . . . . . . Retrieve Components 1 | . . . . . . . . . . 1 . . . . . . . . . . . Scanalyzer 26 | . . . . . . . . . 2 9 . . 3 . . 12 . . . . . Insert Component 12 | . . . . . . . . . 1 4 . . 1 . . 6 . . . . . Analyze 14 | . . . . . . . . . 1 5 . . 2 . . 6 . . . . . Garrison Access Hacks 8 | . . . . . . . 1 . 1 2 . . 3 . . . . . . . 1 Unlock Access 1 | . . . . . . . 1 . . . . . . . . . . . . . . Seal Access 7 | . . . . . . . . . 1 2 . . 3 . . . . . . . 1 Unauthorized Hacks 61 | . 11 . 8 . . . 1 . . 9 . . 7 10 6 6 . . . . 3 Terminals 45 | . 9 . 7 . . . . . . 8 . . 3 8 6 3 . . . . 1 Track 13 | . 6 . 2 . . . . . . 1 . . 1 2 1 . . . . . . Botnet 28 | . 2 . 3 . . . . . . 6 . . 2 6 5 3 . . . . 1 Operators 4 | . 1 . 2 . . . . . . 1 . . . . . . . . . . . Fabricators 5 | . . . . . . . . . . 1 . . 4 . . . . . . . . Report 2 | . . . . . . . . . . . . . 2 . . . . . . . . Prioritize 2 | . . . . . . . . . . 1 . . 1 . . . . . . . . Siphon 1 | . . . . . . . . . . . . . 1 . . . . . . . . Repair Stations . | . . . . . . . . . . . . . . . . . . . . . . Recycling Units 11 | . 2 . 1 . . . 1 . . . . . . 2 . 3 . . . . 2 Monitor 3 | . . . . . . . . . . . . . . 1 . 1 . . . . 1 Mask 4 | . . . . . . . . . . . . . . 1 . 2 . . . . 1 Tunnel 4 | . 2 . 1 . . . 1 . . . . . . . . . . . . . . Scanalyzers . | . . . . . . . . . . . . . . . . . . . . . . Garrison Access . | . . . . . . . . . . . . . . . . . . . . . . Data Cores Recovered . | . . . . . . . . . . . . . . . . . . . . . . Used . | . . . . . . . . . . . . . . . . . . . . . . Hacking Detections 74 | . 8 . 4 1 . . 7 . 1 13 . . 10 11 2 9 . . . . 8 Full Trace Events 7 | . . . . . . . . . . 2 . . 2 . . . . . . . 3 Feedback Events . | . . . . . . . . . . . . . . . . . . . . . . Feedback Blocked . | . . . . . . . . . . . . . . . . . . . . . . Robot Schematics Acquired . | . . . . . . . . . . . . . . . . . . . . . . Robots Built . | . . . . . . . . . . . . . . . . . . . . . . Matter . | . . . . . . . . . . . . . . . . . . . . . . Time . | . . . . . . . . . . . . . . . . . . . . . . Total Robot Build Rating . | . . . . . . . . . . . . . . . . . . . . . . Part Schematics Acquired 21 | . 1 . . 1 . . 1 . 1 4 . . 1 . 3 4 . . 4 . 1 Parts Built 16 | . . . . . . . . . . 4 . . 2 . . 8 . . . . 2 Matter 1380 | . . . . . . . . . . 372 . . 168 . . 672 . . . . 168 Time 482 | . . . . . . . . . . 118 . . 84 . . 252 . . . . 28 Total Part Build Rating 58 | . . . . . . . . . . 10 . . 8 . . 32 . . . . 8 Parts Repaired 5 | . . . 1 . . . 1 . . 2 . . . . . 1 . . . . . Time 123 | . . . 26 . . . 26 . . 49 . . . . . 22 . . . . . Parts Recycled . | . . . . . . . . . . . . . . . . . . . . . . Recycled Matter . | . . . . . . . . . . . . . . . . . . . . . . Retrieved Matter . | . . . . . . . . . . . . . . . . . . . . . . Retrieved Components 10 | . . . . . . . . . . 10 . . . . . . . . . . . Parts Scanalyzed 9 | . . . . . . . . . 1 3 . . 1 . . 4 . . . . . Part Schematics Acquired 9 | . . . . . . . . . 1 3 . . 1 . . 4 . . . . . Parts Damaged . | . . . . . . . . . . . . . . . . . . . . . . Bothacking | -11 -10 -10 -9 -9 -9 -8 -8 -8 -8 -7 -7 -7 -6 -6 -6 -5 -5 -5 -5 -4 -4 ------------ Run | Scr Mat Min Mat Min Exi Min Mat Gar Mat Fac Low Low Fac Ext Cet Fac Upp Upp Zhi Pro Fac Used RIF Installer 1 | . . . . . . . . 1 . . . . . . . . . . . . . Robots Hacked . | . . . . . . . . . . . . . . . . . . . . . . Non-combat . | . . . . . . . . . . . . . . . . . . . . . . Combat . | . . . . . . . . . . . . . . . . . . . . . . Robot Hacks Applied . | . . . . . . . . . . . . . . . . . . . . . . Relay Couplers Released . | . . . . . . . . . . . . . . . . . . . . . . Robots Rewired 7 | . . . . . . . . . . . . . . 7 . . . . . . . Allies Hacked . | . . . . . . . . . . . . . . . . . . . . . . Hacks Repelled . | . . . . . . . . . . . . . . . . . . . . . . Allies | -11 -10 -10 -9 -9 -9 -8 -8 -8 -8 -7 -7 -7 -6 -6 -6 -5 -5 -5 -5 -4 -4 -------- Run | Scr Mat Min Mat Min Exi Min Mat Gar Mat Fac Low Low Fac Ext Cet Fac Upp Upp Zhi Pro Fac Total Allies 17 | . . 1 . 3 . . . 1 . . . . . 12 . . . . . . . Largest Group 4 | . . 1 . 3 2 2 2 1 . . . . . 4 4 3 . . . . . Highest-Rated Group 136 | . . 31 . 40 32 32 32 81 . . . . . 136 136 100 . . . . . Highest-Rated Ally 81 | . . 31 . 16 16 16 16 81 . . . . . 37 37 37 . . . . . Total Orders 6 | . . . . . . . . 1 . . . . 5 . . . . . . . . STAY 1 | . . . . . . . . 1 . . . . . . . . . . . . . COLLECT 3 | . . . . . . . . . . . . . 3 . . . . . . . . EXPLORE 2 | . . . . . . . . . . . . . 2 . . . . . . . . Ally Attacks 157 | . . 11 . 33 . . 4 14 . . . . . 9 56 30 . . . . . Total Damage 2784 | . . 147 . 345 . . 27 798 . . . . . 215 863 389 . . . . . Kills 26 | . . 2 . 2 . . . 6 . . . . . 1 8 7 . . . . . Allies Corrupted 1 | . . . . . . . . . . . . . 1 . . . . . . . . Allies Melted . | . . . . . . . . . . . . . . . . . . . . . . Field Lobotomies 1 | . . . . . . . . 1 . . . . . . . . . . . . . Intel | -11 -10 -10 -9 -9 -9 -8 -8 -8 -8 -7 -7 -7 -6 -6 -6 -5 -5 -5 -5 -4 -4 ------- Run | Scr Mat Min Mat Min Exi Min Mat Gar Mat Fac Low Low Fac Ext Cet Fac Upp Upp Zhi Pro Fac Robot Analysis Total 4 | . . . . . . . . . . . . . . . . . . . 4 . . Derelict Logs Recovered 7 | . . 2 . 2 . . . . . . . . . . . . . 2 . 1 . Drone Launches 4 | . . . . . . . . . . . . . 4 . . . . . . . . Drone Recoveries 2 | . . . . . . . . . . . . . 2 . . . . . . . . Exploration | -11 -10 -10 -9 -9 -9 -8 -8 -8 -8 -7 -7 -7 -6 -6 -6 -5 -5 -5 -5 -4 -4 ------------- Run | Scr Mat Min Mat Min Exi Min Mat Gar Mat Fac Low Low Fac Ext Cet Fac Upp Upp Zhi Pro Fac Turns Passed 22387 | 39 902 394 1159 800 528 83 2242 1130 706 3269 396 198 2475 1714 332 1736 823 634 212 597 2018 Spaces Moved 13981 | 32 582 365 637 582 376 58 1185 601 390 2049 316 166 1594 998 192 1032 555 389 150 418 1314 Core 157 | 1 21 . . . . . . . . . . . . . . . . . . . 135 Treads . | . . . . . . . . . . . . . . . . . . . . . . Legs . | . . . . . . . . . . . . . . . . . . . . . . Wheels 13824 | 31 561 365 637 582 376 58 1185 601 390 2049 316 166 1594 998 192 1032 555 389 150 418 1179 Hover . | . . . . . . . . . . . . . . . . . . . . . . Flight . | . . . . . . . . . . . . . . . . . . . . . . Fastest Speed 50 | 50 80 100 110 110 100 140 113 120 116 116 120 120 120 120 126 125 125 125 125 125 50 Average Speed 121 | 87 102 100 113 119 134 140 120 124 120 122 120 120 126 129 132 134 125 125 125 131 109 Slowest Speed 1400 | 90 350 100 150 120 140 140 200 150 126 126 120 120 230 210 160 160 135 200 125 150 1400 Overloaded Moves . | . . . . . . . . . . . . . . . . . . . . . . Propulsion Burnouts . | . . . . . . . . . . . . . . . . . . . . . . Robots Hopped . | . . . . . . . . . . . . . . . . . . . . . . Cave-ins Triggered 2 | . . . 1 . . . . . . . . . . 1 . . . . . . . Teleports 1 | . . . . . . . . . . . . . . . . . . . . . 1 Exploration Rate (%) 54 | 3 92 97 56 89 71 11 75 64 22 39 44 25 46 95 83 22 69 43 60 71 24 Regions Visited 21 Branch Regions 12 Pre-discovered Areas 10 | . 2 1 1 1 1 . 1 . . . . . . . . . . . 3 . . Known Exits Taken 12 | . 1 . 1 1 . . 1 . . 1 . 1 1 . . 1 1 1 1 1 . Unknown Exits Taken 8 | 1 . 1 . . 1 1 . . 1 . 1 . . 1 1 . . . . . . Scrap Searched 5 | . . 2 . 1 . . . . . . 1 . . . . . . 1 . . . Spaces Dug 457 | . 19 . 2 1 . . 55 50 31 99 4 . 49 26 . 23 12 11 . 6 69 Terrain Destroyed 554 | . 19 . 24 1 . . 65 50 31 99 4 . 49 79 11 23 12 11 . 6 70 Melee 437 | . . . 1 1 . . 55 50 31 99 4 . 49 26 . 23 12 11 . 6 69 Projectile 1 | . . . 1 . . . . . . . . . . . . . . . . . . AOE 116 | . 19 . 22 . . . 10 . . . . . . 53 11 . . . . . 1 Actions | -11 -10 -10 -9 -9 -9 -8 -8 -8 -8 -7 -7 -7 -6 -6 -6 -5 -5 -5 -5 -4 -4 --------- Run | Scr Mat Min Mat Min Exi Min Mat Gar Mat Fac Low Low Fac Ext Cet Fac Upp Upp Zhi Pro Fac Total 17306 | 39 776 384 931 647 399 60 1765 797 518 2477 324 165 1874 1297 240 1248 614 477 165 440 1669 Wait 1250 | . 87 10 114 17 2 3 346 48 54 187 . . 77 64 1 63 12 34 . 5 126 Move 13959 | 31 581 364 636 581 375 57 1184 599 389 2048 315 165 1593 997 191 1031 554 388 149 417 1314 Hop . | . . . . . . . . . . . . . . . . . . . . . . Pick Up 227 | 2 16 1 29 4 18 . 22 16 8 26 . . 15 3 9 13 2 2 2 . 39 Fast Attach 101 | 6 5 . 16 5 1 . 6 3 1 4 1 . 11 4 2 10 2 3 4 . 17 Attach 124 | . 3 . 13 1 . . 9 11 3 9 1 . 9 14 3 13 4 6 . 4 21 Detach 62 | . 1 . 9 . . . 2 7 2 4 . . 6 8 3 7 1 3 3 . 6 Swap 120 | . 6 1 11 5 1 . 21 1 1 17 . . 12 4 4 10 4 10 2 2 8 Drop 147 | . 8 1 20 12 2 . 25 9 4 14 1 . 21 3 2 18 2 . 1 . 4 Fire 260 | . 69 7 78 21 . . 38 1 . . 1 . . 10 21 . . 8 . . 6 Melee 923 | . . . 5 1 . . 112 95 56 168 5 . 130 72 4 75 33 23 4 12 128 Ram . | . . . . . . . . . . . . . . . . . . . . . . Kick . | . . . . . . . . . . . . . . . . . . . . . . Crush . | . . . . . . . . . . . . . . . . . . . . . . Escape Stasis 39 | . . . . . . . . 7 . . . . . 24 . 8 . . . . . Rewire 94 | . . . . . . . . . . . . . . 94 . . . . . . . Trap . | . . . . . . . . . . . . . . . . . . . . . . Miscellaneous . | . . . . . . . . . . . . . . . . . . . . . . Route ------- -11/Scrapyard -10/Materials (discovered 4 exits: *Mat x3 / *Min) -10/Mines (discovered 2 exits: *Mat x2) -9/Materials (discovered 5 exits: *Mat x2 / *Min x2 / *Sto) -9/Mines (discovered 3 exits: *Mat x2 / *Exi) -9/Exiles -8/Mines -8/Materials (discovered 3 exits: *Fac x2 / Gar) -8/Garrison (discovered 2 exits: *Mat x2) -8/Materials -7/Factory (discovered 3 exits: *Fac x2 / *Low) -7/Lower Caves -7/Lower Caves -6/Factory (discovered 7 exits: *Fac x3 / *Low x2 / *Ext x2) -6/Extension (discovered 2 exits: *Fac / *Cet) -6/Cetus (discovered 2 exits: *Fac / [*Arc]) -5/Factory (discovered 2 exits: *Upp x2) -5/Upper Caves -5/Upper Caves -5/Zhirov -4/Proximity Caves -4/Factory (discovered 2 exits: Res / Upp) History --------- Turn | Location | Event 17 | -11/Scrapyard | Discovered new exit (range 16) 40 | -11/Scrapyard | Entered Materials 202 | -10/Materials | Discovered new exit (range 15) 283 | -10/Materials | Central database locked down 302 | -10/Materials | Build established: Mutant 386 | -10/Materials | Lost 5 parts (1p2n2w) 562 | -10/Materials | Discovered new exit (range 5) 675 | -10/Materials | Identified exit to Mines 770 | -10/Materials | Discovered new exit (range 4) 942 | -10/Materials | Entered Mines 943 | -10/Mines | Learned location of Storage (-9) 948 | -10/Mines | Received a Mining Laser from a helpful Derelict 1037 | -10/Mines | Discovered new exit (range 9) 1160 | -10/Mines | Core integrity fell below 50% 1240 | -10/Mines | Discovered new exit (range 16) 1243 | -10/Mines | YI-UF0 nonchalantly dropped a Grenade Launcher on the ground 1336 | -10/Mines | Entered Materials 1336 | -9/Materials | Evolved 2 slots: Utility x2 1337 | -9/Materials | Identified exit to Storage 1457 | -9/Materials | Crushed by falling debris 1488 | -9/Materials | Lost 9 parts (2p3n2u2w) 1605 | -9/Materials | Discovered new exit (range 16) 1633 | -9/Materials | Build established: Hauler-Mutant 1677 | -9/Materials | Central database locked down 1772 | -9/Materials | Core integrity fell below 50% 1791 | -9/Materials | Discovered new exit (range 3) 1993 | -9/Materials | Repaired Ion Engine 2220 | -9/Materials | Identified exit to Mines 2289 | -9/Materials | Discovered new exit (range 12) 2495 | -9/Materials | Entered Mines 2502 | -9/Mines | Met a Derelict bent on vengeance 2555 | -9/Mines | Deemed a non-threat by the Exiles lab entrance 2612 | -9/Mines | Assisted by bots powering up and referring to "LRC-V3" 2656 | -9/Mines | Identified exit to Exiles 2919 | -9/Mines | Discovered new exit (range 9) 3093 | -9/Mines | Learned location of Zion (-7) 3156 | -9/Mines | Discovered new exit (range 5) 3295 | -9/Mines | Entered Exiles 3295 | -9/Exiles | Accompanied by 2 allies 3344 | -9/Exiles | Met 8R-AWN 3363 | -9/Exiles | Met EX-HEX 3429 | -9/Exiles | Met EX-DEC 3605 | -9/Exiles | Met EX-BIN 3626 | -9/Exiles | Aligned with FarCom system 3628 | -9/Exiles | Given EX-Vault access code 3661 | -9/Exiles | Opened EX-Vault 3675 | -9/Exiles | Found Field Lobotomy Kit 3718 | -9/Exiles | Warned to stay clear of 0b10 Research branches 3804 | -9/Exiles | Discovered new exit (range 12) 3823 | -9/Exiles | Left Exiles lab with Field Lobotomy Kit 3823 | -9/Exiles | Entered Mines 3823 | -8/Mines | Accompanied by 2 allies 3832 | -8/Mines | Discovered new exit (range 8) 3906 | -8/Mines | Entered Materials 3906 | -8/Materials | Accompanied by 2 allies 3906 | -8/Materials | Evolved 2 slots: Propulsion x1, Utility x1 4329 | -8/Materials | Repaired Wheel? 4409 | -8/Materials | Discovered new exit (range 6) 5139 | -8/Materials | Discovered new exit (range 14) 5726 | -8/Materials | Lost 3 parts (1p2u) 5893 | -8/Materials | Lost 3 parts (2n1u) 6147 | -8/Materials | Identified exit to Garrison 6148 | -8/Materials | Entered Garrison 6245 | -8/Garrison | Build established: Hauler-Gladiator 6427 | -8/Garrison | Spotted B-75 Beast 6433 | -8/Garrison | Assimilated B-75 Beast with FLK Orb 6572 | -8/Garrison | Triggered checkpoint 6666 | -8/Garrison | Discovered new exit (range 10) 6869 | -8/Garrison | Spotted B-75 Beast 7096 | -8/Garrison | Triggered checkpoint 7204 | -8/Garrison | Discovered new exit (range 8) 7220 | -8/Garrison | Installed Relay Interface Framework 7262 | -8/Garrison | Triggered checkpoint 7278 | -8/Garrison | Entered Materials 7963 | -8/Materials | Discovered new exit (range 16) 7984 | -8/Materials | Entered Factory 7984 | -7/Factory | Evolved 2 slots: Utility x2 9147 | -7/Factory | Fabricated Arm. Huge Wheel? 9580 | -7/Factory | Discovered new exit (range 5) 9587 | -7/Factory | Discovered new exit (range 6) 9677 | -7/Factory | Repaired Broken Greatsword 9761 | -7/Factory | Identified exit to Factory 9769 | -7/Factory | Identified exit to Lower Caves 10129 | -7/Factory | Repaired Insulated Plating? 10614 | -7/Factory | Discovered exit to Factory (range 11) 10712 | -7/Factory | Central database locked down 10729 | -7/Factory | Fabricated Humpback (x1) 10756 | -7/Factory | Fabricated Humpback (x1) 11006 | -7/Factory | Assembled infested ambush trap array 11050 | -7/Factory | Lost 3 parts (1p1n1u) 11253 | -7/Factory | Entered Lower Caves 11303 | -7/Lower Caves | Field Lobotomy Kit stolen by Master Thief 11646 | -7/Lower Caves | Discovered new exit (range 3) 11649 | -7/Lower Caves | Entered another Lower Caves area 11833 | -7/Lower Caves | Discovered exit to Factory (range 15) 11847 | -7/Lower Caves | Entered Factory 11847 | -6/Factory | Evolved 2 slots: Utility x2 11952 | -6/Factory | Discovered new exit (range 12) 12735 | -6/Factory | Local fabrication network quarantined 12745 | -6/Factory | Fabricated Greatsword (x2) 13435 | -6/Factory | Discovered new exit (range 14) 13454 | -6/Factory | Identified exit to Lower Caves 13454 | -6/Factory | Identified exit to Extension 13903 | -6/Factory | Discovered new exit (range 25) 14322 | -6/Factory | Entered Extension 14740 | -6/Extension | Rescued a captive Derelict 14741 | -6/Extension | Rescued a captive Derelict 14783 | -6/Extension | Rescued a captive Derelict 15008 | -6/Extension | Spotted B-75 Beast 15022 | -6/Extension | Spotted B-75 Beast 15025 | -6/Extension | Crushed by falling debris 15032 | -6/Extension | Energy Cycler disabled 15032 | -6/Extension | Rescued a captive Derelict 15033 | -6/Extension | Rescued a captive Derelict 15086 | -6/Extension | Lost 3 parts (1p1u1w) 15323 | -6/Extension | Extracted ID and sensor layout for unrecognized location from A7's data core 15586 | -6/Extension | Discovered new exit (range 10) 15587 | -6/Extension | Discovered new exit (range 6) 15997 | -6/Extension | Disrupted transfer network 16036 | -6/Extension | Entered Cetus 16036 | -6/Cetus | Accompanied by 4 allies 16058 | -6/Cetus | Spotted Cetus Guard 16058 | -6/Cetus | Spotted Cetus Guard 16065 | -6/Cetus | Allies destroyed Cetus Guard 16065 | -6/Cetus | Spotted Cetus Guard 16067 | -6/Cetus | Destroyed Cetus Guard 16067 | -6/Cetus | Allies destroyed Cetus Guard 16069 | -6/Cetus | Destroyed Cetus Guard 16226 | -6/Cetus | Found a strange terminal 16235 | -6/Cetus | Central database locked down 16260 | -6/Cetus | Discovered new exit (range 15) 16298 | -6/Cetus | Spotted Cetus Guard 16299 | -6/Cetus | Spotted Cetus Guard 16302 | -6/Cetus | Allies destroyed Cetus Guard 16302 | -6/Cetus | Spotted Cetus Guard 16302 | -6/Cetus | Spotted Cetus Guard 16308 | -6/Cetus | Allies destroyed Cetus Guard 16308 | -6/Cetus | Allies destroyed Cetus Guard 16314 | -6/Cetus | Destroyed Cetus Guard 16320 | -6/Cetus | Discovered new exit (range 16) 16341 | -6/Cetus | Build established: Hauler-Mutant 16348 | -6/Cetus | Met Revision 17 16368 | -6/Cetus | Entered Factory 16368 | -5/Factory | Accompanied by 3 allies 16368 | -5/Factory | Evolved 2 slots: Utility x1, Weapon x1 16591 | -5/Factory | Identified exit to Upper Caves 16657 | -5/Factory | Build established: Hauler-Gladiator 16840 | -5/Factory | Fabricated Arm. Huge Wheel? 17020 | -5/Factory | Fabricated Arm. Huge Wheel? 17288 | -5/Factory | Repaired Microactuators 17603 | -5/Factory | Fabricated Greatsword? 17653 | -5/Factory | Lost 4 parts (3u1w) 17672 | -5/Factory | Destroyed 7 combat bots 17703 | -5/Factory | Fabricated Greatsword (x2) 17956 | -5/Factory | System corruption reached 10% 18050 | -5/Factory | Local fabrication network quarantined 18104 | -5/Factory | Entered Upper Caves 18106 | -5/Upper Caves | Attracted the attention of an 0b10 checkpoint 18765 | -5/Upper Caves | Discovered new exit (range 7) 18778 | -5/Upper Caves | Identified exit to Upper Caves 18927 | -5/Upper Caves | Entered another Upper Caves area 19210 | -5/Upper Caves | Attracted the attention of an 0b10 checkpoint 19356 | -5/Upper Caves | Learned 4 Factory zone layouts 19398 | -5/Upper Caves | Discovered new exit (range 15) 19416 | -5/Upper Caves | Identified exit to Zhirov 19451 | -5/Upper Caves | Learned location of 1 exit from Factory 19561 | -5/Upper Caves | Entered Zhirov 19561 | -5/Zhirov | Discovered new exit (range 3) 19584 | -5/Zhirov | Met Zhirov 19610 | -5/Zhirov | Learned location of Quarantine (-2) 19610 | -5/Zhirov | Learned location of Testing (-3) 19621 | -5/Zhirov | Zhirov requested help retrieving the SGEMP Prototype 19640 | -5/Zhirov | Found Alien Artifact 19656 | -5/Zhirov | Found Alien Artifact 19656 | -5/Zhirov | Identified Integrated Reactor 19656 | -5/Zhirov | Installed Integrated Reactor, increased core energy generation (+10) 19772 | -5/Zhirov | Identified exit to Proximity Caves 19773 | -5/Zhirov | Entered Proximity Caves 20094 | -4/Proximity Caves | Attracted the attention of an 0b10 checkpoint 20128 | -4/Proximity Caves | Spotted B-86 Titan 20169 | -4/Proximity Caves | Lost 3 parts (1n1u1w) 20359 | -4/Proximity Caves | Discovered new exit (range 8) 20369 | -4/Proximity Caves | Identified exit to Factory 20370 | -4/Proximity Caves | Entered Factory 20370 | -4/Factory | Evolved 2 slots: Propulsion x1, Weapon x1 20371 | -4/Factory | Identified exit to Research 20372 | -4/Factory | Identified exit to Upper Caves 20901 | -4/Factory | Lost 10 parts (1p1n6u2w) 21176 | -4/Factory | Build established: Scavenger-Mutant 21446 | -4/Factory | Identified Transdimensional Reconstructor 21446 | -4/Factory | Warped through subspace 21677 | -4/Factory | Build established: Hauler-Mutant 22019 | -4/Factory | Build established: Scavenger-Mutant 22254 | -4/Factory | Lost 3 parts (2n1u) 22289 | -4/Factory | Core integrity fell below 50% 22320 | -4/Factory | Core integrity fell below 20% 22369 | -4/Factory | Fabricated Arm. Huge Wheel? 22374 | -4/Factory | Lost 11 parts (1p2n3u5w) 22387 | -4/Factory | System corruption reached 10% 22388 | -4/Factory | Destroyed by Y-64 Sentinel with Wave Gun Last Messages --------------- Building Arm. Huge Wheel... ETC: 28 22341_ ALERT: Suspicious activity at Fabricator F004. Dispatching Investigation squad. 22342_ Acquired 5 matter. 22343_ >> MONITOR: Recycling Unit F004 accepting Lgt. Antimatter Reactor(75%). 22343_ Adv. Melee Analysis Suite destroyed. 22346_ >> MONITOR: Recycling Unit F004 accepting Hpw. Shotgun(85%). 22346_ K-01 Serf collects debris. 22354_ >> MONITOR: Recycling Unit F003 accepting Imp. Phase Shifter(95%). 22354_ Matter Pump disabled. 22357_ >> MONITOR: Recycling Unit F003 accepting Unknown Leg(75%). 22360_ >> MONITOR: Recycling Unit F003 accepting Unknown Engine(77%). 22363_ >> MONITOR: Recycling Unit F003 accepting Structural Scanner(80%). 22365_ Subcomponent Replicator disabled. 22366_ >> MONITOR: Recycling Unit F003 accepting Wheel(77%). 22367_ System corrupted: Heat flow error (+221). 22369_ >> FABRICATOR: Completed Arm. Huge Wheel? 22369_ >> MONITOR: Recycling Unit F003 accepting Tesla Rifle(78%). 22383_ Acquired System Backup Module. 22384_ Adv. Melee Analysis Suite destroyed. Map ----- +----------------------------------------------------+ | """T""" #??????????????? #???????# ##### | | #??????????????? #???????# #???? | | #??????????????? #???????# #???? | | " " " " " #??????????????? #???????# ##### | | " " " " " +??????????????? #???????# # | | " " " " " #??????????????? #???????# ##### | | " " " " " +??????????????? #???????# #???? | | " " " " " #??????????????? #???????# #???? | | " " " " " #??????????????? #???????# #???? | | " " " " " #??????????????? #???????# #???? | | " " " " " ???????????????? #???????#########???? | | " " " " " #??????????????? #???????????????????? | | #n?????????????##########??????????????? | | ##########???? ?????????? #??????????????? | | #??????????? ????# """" "" #??????????????? | | #??????????? ????# """" "" #??????????????? | | #?????????? #???# """" "" #??????????????? | | ########### #???#[ """" S #??????????????? | | #???# "" #??????????????? | | #???# """" "" #??????????????? | | """ #???# """" "" #??????????????? | | """"" #???# """" #??????????????? | | """"" #???# """" #??????????????? | | #???# pp #??????????????? | | """ ###########/##########???????????? | | """"" @ #???????????? | | """" #???????????? | | #???????????? | | #???????????? | | Y #???????????? | | #########+#+####################+#+#???????????? | | #????# #??????????? ????????????? | | #????# #????????? ??????????? | | #????# #???????# ????????? | | #????# #???????# """" #???????? | | #????# #???????# """" #??????? | | #????# #???????# """" ##??????? | | #????# #???????# """" #???????? | | #????# #???????#????" !]] #???????? | | #????# #????????????" !]] #???????? | | #????# #????????????" ]]] #???????? | | #????# #????????????? #???????? | | #????# #????????????? #???????? | | #????##############?????????????########???????? | | ###??????????????????????????????????????????????? | | ?????????????????????????????????????????????????? | | ?????????????????????????????????????????????????? | | ?????????????????????????????????????????????????? | | ?????????????????????????????????????????????????? | | ?????????????????????????????????????????????????? | +----------------------------------------------------+ Best States ------------- Heat Dissipation 43 Energy Generation 35 Energy Capacity 1150 Matter Stores 300 Matter Capacity 350 Sight Range 16 Robot Scan Range 13 Terrain Scan Range 18 Terrain Scan Density 10 Armor Coverage 1050 Resistance: KI 30 Resistance: TH 15 Resistance: EM 15 Core Shielding 40 Melee Speed Boost 20 Evasion (%) 50 Targeting Accuracy 10 Melee Accuracy 40 Target Analysis 6 Armor Integrity Analysis 33 Offensive Hacking 20 Defensive Hacking 20 Item Schematics ----------------- Hcp. Storage Unit | -10/Materials | Hacked Hcp. Matter Pod | -9/Mines | Hacked Hacking Suite | -8/Materials | Hacked Humpback | -8/Materials | Scanalyzed Arm. Huge Wheel | -7/Factory | Hacked Greatsword | -7/Factory | Scanalyzed Microactuators | -7/Factory | Scanalyzed Adv. Melee Analysis Suite | -7/Factory | Scanalyzed Imp. Heavy Armor Plating | -6/Factory | Scanalyzed Imp. System Shield | -6/Cetus | Hacked Imp. Hacking Suite | -6/Cetus | Hacked Force Booster | -6/Cetus | Hacked Centrium Medium Armor Plating | -5/Factory | Scanalyzed Quantum Reactor | -5/Factory | Scanalyzed Imp. Sensor Array | -5/Factory | Scanalyzed Imp. Signal Interpreter | -5/Factory | Scanalyzed Assault Drone Bay | -5/Zhirov | Free Exp. Heat Sink | -5/Zhirov | Free Exp. Optical Array | -5/Zhirov | Free Imp. Arc Thrower | -5/Zhirov | Free Hvy. Insulated Plating | -4/Factory | Hacked Robot Schematics ------------------ None Fabricated ------------ Arm. Huge Wheel | x2 | -7/Factory Humpback | x1 | -7/Factory Humpback | x1 | -7/Factory Greatsword | x2 | -6/Factory Arm. Huge Wheel | x2 | -5/Factory Arm. Huge Wheel | x2 | -5/Factory Greatsword | x2 | -5/Factory Greatsword | x2 | -5/Factory Arm. Huge Wheel | x2 | -4/Factory Alien Tech Used ----------------- Integrated Reactor Transdimensional Reconstructor Achievements -------------- None Challenges ------------ None Game ------ Seed SurgeGodBay Manual? 0 Play Time 05:14:42 Cumulative 269.0 hours Start 2020.06.21 @ 10:29:04 End 2020.06.22 @ 14:49:36 Sessions 31 Manual Loads 0 Difficulty Rogue Special Mode None Game No. 126 Rogue 125 Adventurer 0 Explorer 1 Win Type - Total 14 Types 10/0/4/0/0/0/0 Lore% 79 Gallery% 84 Achievement% 68 Wizard Run 0 Options --------- ASCII 0 Keyboard 1 Movement Numpad Keybinds 1 Fullscreen 2 Font 24/Terminus Map View 129x80 Tactical HUD 1 Map Filters NONE Filters NONE Steam 1 RUN: 177de7f8-fcf3-45b4-b0be-8b1586817d3c